 Dungeon Crawl Stone Soup version 0.28-a0-872-g80cf8599ee (webtiles) character file.

Game seed: 6583697576592417720

1887 ryw the Chopper (level 9, -1/73 HPs)
             Began as a Gnoll Cinder Acolyte on Nov 20, 2021.
             Was a High Priest of Ignis.
             Slain by an orc warrior (14 damage)
             ... on level 5 of the Dungeon.
             The game lasted 00:16:23 (7351 turns).

ryw the Chopper (Gnoll Cinder Acolyte)              Turns: 7351, Time: 00:16:23

Health: -1/73      AC:  7    Str: 14    XL:     9   Next: 14%
Magic:  13/14      EV: 13    Int: 13    God:    Ignis [*****.]
Gold:   192        SH:  5    Dex: 11    Spells: 15/17 levels left

rFire   + . .      SeeInvis .   z - +2 war axe
rCold   . . .      Faith    .   (no shield)
rNeg    . . .      Spirit   .   p - +2 robe {Will+}
rPois   .          Reflect  +   t - +0 helmet
rElec   .          Harm     .   n - +0 cloak
rCorr   .          Rampage  .   x - +0 pair of gloves
Will    +....                   (no boots)
Stlth   ++........              l - amulet of reflection
HPRegen 0.22/turn               a - ring of wizardry
MPRegen 0.14/turn               (no ring)

@: no status effects
A: fangs 1, strong nose, distributed training, low mp 1
a: Renounce Religion, Sea of Fire, Foxfire Swarm, Rising Flame


You were on level 5 of the Dungeon.
You worshipped Ignis.
Ignis was extremely pleased with you.
You visited 1 branch of the dungeon, and saw 8 of its levels.

You collected 192 gold pieces.

Inventory:

Hand Weapons
 z - a +2 war axe (weapon)
Missiles
 h - 46 poisoned darts (quivered)
 A - 7 boomerangs
Armour
 n - a +0 cloak (worn)
 p - a +2 robe of willpower (worn)
 t - a +0 helmet (worn)
 x - a +0 pair of gloves (worn)
Jewellery
 a - a ring of wizardry (left hand)
 l - an amulet of reflection (around neck)
 o - a ring of resist corrosion
 u - a ring of willpower
Wands
 y - a wand of digging (6)
Scrolls
 c - a scroll of holy word {unknown}
 d - a scroll of immolation {unknown}
 e - 3 scrolls of teleportation
 f - 2 scrolls of fear
 g - a scroll of silence
 j - a scroll of identify
 m - a scroll of amnesia
 v - a scroll of fog
Potions
 b - a potion of flight
 w - a potion of magic {unknown}


   Skills:
 + Level 7.7 Fighting
 + Level 3.9 Short Blades
 + Level 3.9 Long Blades
 + Level 7.7 Axes
 + Level 3.9 Maces & Flails
 + Level 3.9 Polearms
 + Level 3.9 Staves
 + Level 3.9 Slings
 + Level 3.9 Bows
 + Level 3.9 Crossbows
 + Level 3.9 Throwing
 + Level 3.9 Armour
 + Level 3.9 Dodging
 + Level 3.9 Stealth
 + Level 3.9 Shields
 + Level 3.9 Unarmed Combat
 + Level 4.9 Spellcasting
 + Level 3.2 Conjurations
 + Level 3.2 Hexes
 + Level 3.2 Summonings
 + Level 3.2 Necromancy
 + Level 3.2 Translocations
 + Level 3.2 Transmutations
 + Level 6.4 Fire Magic
 + Level 3.2 Ice Magic
 + Level 3.2 Air Magic
 + Level 3.2 Earth Magic
 + Level 3.2 Poison Magic
 + Level 4.3 Invocations
 + Level 3.9 Evocations


You had 15 spell levels left.
You knew the following spells:

 Your Spells              Type           Power      Damage    Failure   Level
a - Scorch                Fire           38%        2d7       1%          2

Your spell library contained the following spells:

 Spells                   Type           Power      Damage    Failure   Level
 Apportation              Tloc           22%        N/A       1%          1
 Shock                    Conj/Air       44%        1d5       1%          1
 Swiftness                Air            11%        N/A       6%          3
 Airstrike                Air            5%         N/A       21%         4
 Alistair's Intoxication  Tmut/Pois      7%         N/A       45%         5


Dungeon Overview and Level Annotations

Branches:
Dungeon (8/15)             Temple (0/1) D:4
   Lair: D:8-11

Altars:
Lugonu

Shops:
D:3 ?**   D:4 ?[?(   D:5 [[

Portals:
Abyss: D:4


Innate Abilities, Weirdness & Mutations

You have very sharp teeth.
Your uncanny sense of smell can sniff out nearby items.
Your experience applies equally to all skills.
Your magical capacity is low. (-10% MP)


Message History

* * * LOW HITPOINT WARNING * * *
You see here a +0 mace.
Things that are here:
a +0 leather armour; a +0 rapier of venom
There is a stone staircase leading up here.
The orc warrior barely misses you. The orc warrior misses you.
You barely miss the orc warrior.
You bite the orc warrior, but do no damage.
The orc warrior is lightly wounded.
The orc warrior hits you with a +0 scimitar!!
* * * LOW HITPOINT WARNING * * *
The orc warrior hits you with a +0 scimitar!
* * * LOW HITPOINT WARNING * * *
You feel much better. The orc warrior closely misses you.
Casting: Scorch (safe; 1% risk of failure)
Confirm with . or Enter, or press ? or * to list all spells.
Flames lash the orc warrior.
The orc warrior is lightly wounded.
The orc warrior's fire resistance burns away.
The orc warrior hits you with a +0 scimitar!
* * * LOW HITPOINT WARNING * * *
You closely miss the orc warrior.
The orc warrior is lightly wounded.
You block the orc warrior's attack.
You barely miss the orc warrior.
The orc warrior is lightly wounded.
The orc warrior barely misses you.
You hit the orc warrior but do no damage.
The orc warrior is lightly wounded.
The orc warrior is no longer more vulnerable to fire.
The orc warrior hits you with a +0 scimitar.
* * * LOW HITPOINT WARNING * * *
You barely miss the orc warrior.
The orc warrior is lightly wounded.
The orc warrior closely misses you.
You barely miss the orc warrior.
The orc warrior is lightly wounded.
The orc warrior hits you with a +0 scimitar!
You die...

### #..##.......######## ####
#.# ##.##.......# # #.#
#.##....#### #
#.####.##<....# #######
#....#.....##.### #......
#.##.##...###...## #......
#.##.##...# ###..######......
#..#......######.............
##.........o@....######....∩.
####.......####....#########
#....##.# ##.....######..
######...##.# #..(....#......
#...##...##.###.......#......
#........##..##.......#......
#####....###.###.............
#....................####
##...#####....[..........


You could see an orc warrior.

Vanquished Creatures
  A hornet (D:6)
  Sigmund (D:2)
  Eustachio (D:5)
  A steam dragon (D:7)
  2 water moccasins
  A sky beast (D:5)
  A black bear (D:5)
  A necrophage (D:4)
  A centaur (D:5)
  2 phantoms
  2 kobold brigands (D:7)
  A scorpion (D:2)
  A centaur zombie (D:5)
  A centaur skeleton (D:5)
  3 hounds
  A bullfrog skeleton (D:5)
  Jessica (D:3)
  An iguana (D:4)
  A hound skeleton (D:4)
  Robin (D:4)
  4 adders
  A white imp (D:5)
  2 ufetubi (D:6)
  3 worms
  A dart slug (D:3)
  6 orcs
  4 ball pythons
  5 endoplasms
  4 giant cockroaches
  18 goblins
  12 hobgoblins
  14 kobolds
  6 quokkas
  6 bats
  3 frilled lizards
  11 rats
125 creatures vanquished.

Vanquished Creatures (others)
  A lurking horror (D:4)
1 creature vanquished.

Grand Total: 126 creatures vanquished

Notes
Turn   | Place    | Note
-------+----------+-------------------------------------------
     0 | D:1      | ryw the Gnoll Cinder Acolyte began the quest for the Orb.
     0 | D:1      | Reached XP level 1. HP: 23/23 MP: 4/4
   186 | D:1      | Reached XP level 2. HP: 26/29 MP: 5/5
   591 | D:1      | Found a faded altar of an unknown god.
   806 | D:1      | Reached XP level 3. HP: 35/35 MP: 7/7
   872 | D:1      | Learned a level 2 spell: Scorch
  1125 | D:2      | Reached skill level 1 in Invocations
  1252 | D:2      | Reached skill level 1 in Short Blades
  1252 | D:2      | Reached skill level 1 in Long Blades
  1252 | D:2      | Reached skill level 1 in Maces & Flails
  1252 | D:2      | Reached skill level 1 in Polearms
  1252 | D:2      | Reached skill level 1 in Staves
  1252 | D:2      | Reached skill level 1 in Slings
  1252 | D:2      | Reached skill level 1 in Bows
  1252 | D:2      | Reached skill level 1 in Crossbows
  1252 | D:2      | Reached skill level 1 in Throwing
  1252 | D:2      | Reached skill level 1 in Armour
  1252 | D:2      | Reached skill level 1 in Dodging
  1252 | D:2      | Reached skill level 1 in Stealth
  1252 | D:2      | Reached skill level 1 in Shields
  1252 | D:2      | Reached skill level 1 in Unarmed Combat
  1252 | D:2      | Reached skill level 1 in Evocations
  1361 | D:2      | Reached XP level 4. HP: 41/41 MP: 8/8
  1483 | D:2      | Noticed a scorpion
  1496 | D:2      | Killed a scorpion
  1497 | D:2      | Reached skill level 1 in Conjurations
  1497 | D:2      | Reached skill level 1 in Hexes
  1497 | D:2      | Reached skill level 1 in Summonings
  1497 | D:2      | Reached skill level 1 in Necromancy
  1497 | D:2      | Reached skill level 1 in Translocations
  1497 | D:2      | Reached skill level 1 in Transmutations
  1497 | D:2      | Reached skill level 1 in Ice Magic
  1497 | D:2      | Reached skill level 1 in Air Magic
  1497 | D:2      | Reached skill level 1 in Earth Magic
  1497 | D:2      | Reached skill level 1 in Poison Magic
  1497 | D:2      | Reached XP level 5. HP: 20/47 MP: 1/9
  1954 | D:2      | Noticed Sigmund
  2004 | D:3      | Found Iwyar's Assorted Antiques.
  2157 | D:3      | Noticed Jessica
  2177 | D:3      | Killed Jessica
  2929 | D:3      | Found Hiuxiv's Assorted Antiques.
  2948 | D:3      | Found Kyjom's Magic Scroll Boutique.
  3133 | D:4      | Found Rioth's Magic Scroll Shop.
  3133 | D:4      | Found Epromycez's Antique Armour Shop.
  3137 | D:4      | Found Gaotu Rabb's Magic Scroll Shop.
  3140 | D:4      | Found Emaruph's Antique Weapon Shop.
  3413 | D:4      | Noticed a phantom
  3447 | D:4      | Reached XP level 6. HP: 24/53 MP: 9/11
  3829 | D:4      | Found a corrupted altar of Lugonu.
  3830 | D:4      | Found a one-way gate to the infinite horrors of the Abyss.
  3993 | D:4      | Noticed Robin
  4133 | D:4      | Killed Robin
  4186 | D:4      | Found a staircase to the Ecumenical Temple.
  4848 | D:5      | Entered Level 5 of the Dungeon
  4848 | D:5      | Noticed Eustachio
  4899 | D:5      | Noticed a water moccasin
  4915 | D:5      | Killed a water moccasin
  4916 | D:5      | Reached XP level 7. HP: 55/59 MP: 12/12
  5527 | D:5      | Reached XP level 8. HP: 62/67 MP: 14/14
  5578 | D:5      | Found Suyrus's Antique Armour Emporium.
  5725 | D:2      | Killed Sigmund
  5891 | D:5      | Killed Eustachio
  6305 | D:5      | Found Wuihuxitiu's Antique Armour Emporium.
  6612 | D:6      | Noticed a hornet
  6671 | D:6      | You fall into a shaft and drop 2 floors!
  6675 | D:8      | Noticed a vampire
  6781 | D:7      | Gained mutation: Your magical capacity is low. (-10% MP)
                  | [potion of mutation]
  6808 | D:7      | Reached XP level 9. HP: 8/72 MP: 14/14
  7237 | D:6      | Paralysed by a hornet for 3 turns
  7239 | D:6      | Killed a hornet
  7351 | D:5      | Slain by an orc warrior

Illustrated notes

Levels and vault maps discovered:
D:1:      grunt_arrival_lava_bath, layout_loops_cross,
          chequers_ecumenical_altar_island, chequers_serial_rivers_marsh
D:2:      layout_rooms, minmay_hedge_maze, uniq_sigmund
D:3:      layout_basic, serial_shops, shop, nicolae_shop_statue_plus, shop,
          uniq_jessica
D:4:      cheibrodos_helix_gallery, layout_layer_cave,
          minmay_temple_entry_enclosed_plants, minmay_shop_grid_forest,
          amcnicky_altar_lugonu_corruption, uniq_robin
D:5:      layout_rooms, serial_shops, kennysheep_mini, shop,
          minmay_misc_feat_rugged, uniq_eustachio
D:6:      layout_cave_pools, uniq_pikel
D:7:      layout_basic, nicolae_ossuary_entry_false_entrances
D:8:      layout_basic, lair_entry_dummy, special_room [special_room_orc],
          minivault_22, kennysheep_generic_room_10

Skill      XL: |  1  2  3  4  5  6  7  8 |
---------------+-------------------------+-----
Invocations    | 1 2 3 4 |  4.3
Short Blades   | 1 2 3 |  3.9
Long Blades    | 1 2 3 |  3.9
Maces & Flails | 1 2 3 |  3.9
Polearms       | 1 2 3 |  3.9
Staves         | 1 2 3 |  3.9
Slings         | 1 2 3 |  3.9
Bows           | 1 2 3 |  3.9
Crossbows      | 1 2 3 |  3.9
Throwing       | 1 2 3 |  3.9
Armour         | 1 2 3 |  3.9
Dodging        | 1 2 3 |  3.9
Stealth        | 1 2 3 |  3.9
Shields        | 1 2 3 |  3.9
Unarmed Combat | 1 2 3 |  3.9
Evocations     | 1 2 3 |  3.9
Spellcasting   | 3 4 |  4.9
Conjurations   | 1 2 3 |  3.2
Hexes          | 1 2 3 |  3.2
Summonings     | 1 2 3 |  3.2
Necromancy     | 1 2 3 |  3.2
Translocations | 1 2 3 |  3.2
Transmutations | 1 2 3 |  3.2
Ice Magic      | 1 2 3 |  3.2
Air Magic      | 1 2 3 |  3.2
Earth Magic    | 1 2 3 |  3.2
Poison Magic   | 1 2 3 |  3.2
Fighting       | 7 |  7.7
Axes           | 7 |  7.7
Fire Magic     | 6 |  6.4

Action                   |  1- 3 |  4- 6 |  7- 9 || total
-------------------------+-------+-------+-------++-------
Melee: Hand axe          |    86 |    41 |       ||   127
       Punch             |     1 |       |     4 ||     5
       Bite              |     3 |    16 |    13 ||    32
       Dagger            |       |   143 |    83 ||   226
       War axe           |       |       |    98 ||    98
Throw: Dart              |       |       |     4 ||     4
 Cast: Scorch            |     8 |    15 |    21 ||    44
  Use: Potion            |       |     1 |     7 ||     8
       Scroll            |       |       |    10 ||    10
 Stab: Sleeping          |       |     2 |     2 ||     4
Armor: Robe              |    11 |    39 |    73 ||   123
       Skin              |       |    19 |       ||    19
Dodge: Dodged            |    47 |    87 |   146 ||   280
Block: Other             |       |    38 |    48 ||    86
       Reflection        |       |     1 |     4 ||     5

Table legend: (Time is in decaauts)
 A = Elapsed time spent in this place.
 B = Non-inter-level travel time spent in this place.
 C = Inter-level travel time spent in this place.
 D = Time resting spent in this place.
 E = Time spent auto-exploring this place.
 F = Levels seen in this place.
 G = Mean time per level.
                   A        B        C        D        E       F      G
               +--------+--------+--------+--------+--------+-----+--------+
         Total |   7381 |   7075 |    306 |   1190 |   4375 |   8 |  922.6 |
       Dungeon |   7381 |   7075 |    306 |   1190 |   4375 |   8 |  922.6 |
               +--------+--------+--------+--------+--------+-----+--------+

Top non-repeatable levels by time:
     D:4: 2064 daAuts
     D:5: 1367 daAuts
     D:2: 1168 daAuts
     D:3: 1151 daAuts
     D:1: 927 daAuts
     D:7: 499 daAuts
     D:6: 127 daAuts
     D:8: 75 daAuts
